Map: [ESL] Inside and Out

Players

Solar

  • Race: Zerg Zerg
  • League: Master
  • Spawn Location: 1:00

Serral - Winner!

  • Race: Zerg Zerg
  • Spawn Location: 7:00

Event: HomeStory Cup XXII

VOD

Have the link to the VOD?

Description

Time

  • Played on: Dec. 15, 2022, 10:19 a.m.
  • Length: 14:21

All games in this series

Show
View Real Time Build Order
Export as new Build Order

Solar Zerg 

Build Orders: Hatch First 

Get SALT Encoding   

  12  0:00  Drone  
  13  0:12  Overlord  
  13  0:17  Drone  
  14  0:30  Drone  
  14  0:31  Drone  
  16  0:48  Hatchery  
  15  0:51  Drone  
  15  0:55  Drone  
  17  0:58  Drone  
  18  1:09  Extractor  
  17  1:13  Spawning Pool  
  17  1:17  Drone  
  17  1:20  Drone  
  18  1:28  Drone  
  19  1:39  Drone  
  20  1:54  Drone  
  20  2:01  Queen x2  
  23  2:02  Zergling x2  
  23  2:03  Overlord  
  26  2:11  Drone x2  
  28  2:22  Drone x2  
  30  2:32  Overlord  
  30  2:33  Drone  
  30  2:36  Queen  
  31  2:43  Drone  
  31  2:44  Drone  
  35  2:49  Lair  
  35  2:51  Evolution Chamber  
  35  2:54  Drone x2  
  35  2:57  Roach Warren  
  35  3:05  Drone x2  
  37  3:11  Drone x3  
  40  3:13  Drone  
  40  3:17  Zerg Missile Weapons Level 1  
  40  3:19  Overlord  
  41  3:20  Drone  
  41  3:23  Drone  
  41  3:25  Drone  
  44  3:28  Extractor  
  44  3:29  Extractor  
  44  3:30  Drone  
  44  3:32  Drone  
  44  3:40  Drone, Evolution Chamber  
  43  3:45  Drone x4  
  43  3:48  Overlord  
  47  3:49  Glial Reconstitution  
  47  3:55  Roach x2  
  51  3:56  Drone  
  51  3:59  Overseer  
  51  4:02  Overlord  
  52  4:08  Roach  
  54  4:10  Roach  
  54  4:13  Overlord  
  58  4:17  Roach x2  
  60  4:29  Overlord  
  60  4:31  Roach, Hatchery  
  62  4:42  Hatchery  
  62  4:43  Roach  
  62  4:44  Roach x3  
  69  4:48  Overlord  
  69  4:49  Roach  
  69  4:52  Roach  
  73  4:54  Roach  
  73  4:56  Roach  
  73  4:59  Drone  
  78  5:00  Extractor  
  77  5:07  Roach  
  77  5:12  Drone x3  
  82  5:24  Zerg Missile Weapons Level 2  
  82  5:25  Zerg Ground Armor Level 1  
  82  5:27  Drone  
  82  5:28  Drone x3  
  85  5:29  Overlord  
  85  5:30  Drone  
  85  5:32  Drone  
  78  5:45  Roach x2  
  82  5:50  Overlord  
  82  5:52  Drone x2  
  82  5:54  Drone x5  
  82  5:55  Roach  
  91  6:00  Drone  
  92  6:05  Drone, Roach, Extractor  
  93  6:14  Overlord  
  93  6:18  Drone x2  
  95  6:21  Roach  
  95  6:22  Overlord  
  95  6:23  Drone  
  95  6:24  Roach x3  
  105  6:25  Drone  
  105  6:30  Burrow  
  105  6:31  Tunneling Claws  
  105  6:33  Overlord  
  105  6:36  Drone x2  
  105  6:37  Roach  
  105  6:39  Roach  
  111  6:41  Ravager x2  
  111  6:42  Hatchery  
  111  6:43  Roach  
  111  6:44  Roach  
  111  6:46  Overlord  
  116  6:48  Drone  
  116  6:53  Roach x3  
  123  6:56  Ravager  
  123  6:57  Ravager, Overlord  
  123  7:00  Overlord  
  125  7:04  Roach x3  
  125  7:05  Overlord  
  131  7:10  Roach x3  
  131  7:12  Roach  
  131  7:15  Overlord  
  139  7:16  Roach  
  139  7:21  Roach  
  143  7:24  Roach x2  
  143  7:25  Roach x2  
  151  7:30  Roach x4  
  151  7:33  Overlord  
  151  7:34  Roach  
  161  7:39  Drone x4  
  161  7:42  Extractor  
  164  7:45  Roach  
  164  7:49  Roach x2  
  170  7:53  Roach x3  
  170  7:55  Ravager x2  
  170  7:56  Ravager  
  179  7:59  Queen  
  179  8:01  Roach x5  
  179  8:03  Roach x5, Overlord  
  191  8:06  Ravager  
  191  8:10  Roach x2  
  191  8:12  Roach  
  192  8:17  Roach x4  
  192  8:18  Roach  
  192  8:19  Roach x3  
  190  8:20  Roach x2  
  190  8:21  Roach, Overlord  
  190  8:24  Roach  
  190  8:26  Overseer  
  192  8:29  Roach x2  
  192  8:31  Roach x3  
  192  8:33  Roach  
  192  8:38  Roach x3  
  192  8:40  Roach x3  
  192  8:41  Roach x2  
  198  8:44  Roach x2  
  198  8:47  Roach  
  198  8:50  Roach  
  196  8:59  Roach x2  
  196  9:00  Roach x3  
  194  9:04  Roach x29  
  194  9:08  Roach x2  
  180  9:11  Roach x2, Extractor  
  180  9:14  Pneumatized Carapace  
  180  9:16  Roach x2  
  187  9:19  Roach  
  187  9:22  Drone  
  190  9:26  Roach  
  190  9:27  Overseer  
  190  9:28  Drone  
  189  9:34  Roach x4  
  189  9:37  Roach x5  
  191  9:40  Roach x2  
  191  9:43  Roach x2  
  195  9:53  Drone  
  195  9:54  Roach  
  195  9:55  Roach  
  195  9:57  Drone  
  195  9:58  Overlord x2  
  200  10:00  Overlord  
  200  10:01  Overlord  
  200  10:03  Overlord  
  197  10:10  Zerg Ground Armor Level 2  
  195  10:18  Roach x2  
  195  10:20  Ravager  
  200  10:24  Roach x3  
  200  10:27  Roach x16  
  193  10:28  Roach  
  193  10:29  Roach x2  
  193  10:32  Spine Crawler  
  193  10:34  Spine Crawler  
  199  10:35  Infestation Pit, Roach  
  199  10:38  Roach  
  199  10:42  Roach x2  
  200  10:46  Roach x2  
  200  10:48  Roach  
  200  10:50  Roach  
  200  10:53  Roach x3  
  200  10:54  Roach  
  200  10:57  Roach x2  
  188  11:00  Roach x29  
  188  11:02  Roach x2  
  184  11:05  Roach x2  
  184  11:06  Roach  
  180  11:12  Ravager x3  
  180  11:13  Ravager x2  
  180  11:14  Roach x3  
  180  11:16  Ravager  
  180  11:17  Ravager  
  180  11:18  Roach  
  195  11:20  Roach  
  195  11:21  Roach  
  199  11:25  Roach  
  199  11:26  Roach x3  
  199  11:28  Overseer  
  199  11:32  Hive  
  199  11:37  Overseer  
  199  11:46  Roach  
  199  11:47  Roach  
  200  12:00  Roach x4  
  200  12:04  Roach  
  200  12:05  Roach x2  
  200  12:08  Roach x5  
  197  12:12  Hydralisk Den  
  197  12:13  Roach x2  
  198  12:17  Roach x3  
  198  12:20  Roach x3  
  200  12:24  Extractor  
  200  12:26  Queen  
  200  12:29  Roach x3  
  199  12:32  Roach  
  199  12:34  Roach  
  199  12:36  Roach  
  199  12:37  Roach  
  199  12:50  Roach x2  
  199  12:59  Ravager  
  195  13:06  Roach x4  
  195  13:07  Roach x4  
  195  13:08  Roach x3  
  195  13:09  Roach x2  
  195  13:10  Roach x5  
  195  13:11  Roach  
  194  13:16  Ravager x6  
  193  13:21  Roach x3  
  193  13:22  Roach x3  
  193  13:23  Ravager  
  194  13:27  Roach x2  
  194  13:32  Roach, Ravager  
  197  13:34  Roach  
  197  13:37  Roach  
  199  13:41  Roach x2  
  199  13:46  Roach  
  197  13:49  Roach x2  
  197  13:51  Roach x2  
  197  13:55  Roach x2  
  195  13:58  Roach x2  
  195  14:00  Roach  
Show
View Real Time Build Order
Export as new Build Order

Serral Zerg - Winner!

Build Orders: Pool First, Lurkers 

Get SALT Encoding   

  12  0:00  Drone  
  13  0:11  Overlord  
  13  0:16  Drone  
  14  0:29  Drone  
  14  0:30  Drone  
  14  0:33  Drone  
  17  0:43  Spawning Pool  
  17  0:47  Drone  
  17  1:06  Hatchery  
  17  1:10  Drone  
  17  1:12  Extractor  
  17  1:15  Drone  
  17  1:29  Queen  
  17  1:30  Zergling x2  
  17  1:32  Drone  
  21  1:38  Overlord  
  21  1:48  Drone  
  22  1:59  Drone  
  23  2:05  Queen  
  25  2:10  Drone  
  25  2:12  Metabolic Boost  
  26  2:18  Drone  
  26  2:21  Drone  
  30  2:31  Drone  
  30  2:34  Drone  
  32  2:37  Baneling Nest  
  32  2:38  Drone x2  
  32  2:43  Overlord  
  31  2:46  Zergling x4  
  33  2:56  Hatchery  
  32  3:00  Zergling x2  
  32  3:02  Drone  
  32  3:03  Drone  
  35  3:07  Drone  
  35  3:09  Drone x2  
  38  3:13  Drone  
  38  3:14  Drone  
  38  3:17  Zergling x2  
  41  3:23  Overlord  
  41  3:26  Zergling x2  
  42  3:28  Drone  
  42  3:29  Evolution Chamber  
  42  3:34  Drone x2  
  44  3:43  Drone x4  
  44  3:45  Overlord  
  48  3:50  Drone  
  48  3:52  Roach Warren  
  48  3:54  Drone x2  
  50  3:56  Zerg Missile Weapons Level 1  
  50  4:00  Extractor x2  
  50  4:01  Drone x2  
  50  4:07  Queen  
  50  4:08  Drone  
  53  4:11  Drone x2  
  53  4:15  Drone  
  56  4:18  Overlord  
  56  4:19  Drone  
  57  4:29  Lair  
  57  4:37  Drone x3  
  57  4:38  Drone  
  60  4:39  Drone, Roach  
  60  4:40  Roach x2  
  60  4:44  Roach x2  
  71  4:46  Overlord  
  71  4:48  Overlord  
  71  4:51  Roach  
  71  4:52  Extractor  
  72  4:54  Overlord  
  72  5:04  Roach  
  72  5:06  Roach x4  
  81  5:09  Roach x2  
  81  5:13  Roach  
  87  5:17  Roach x3  
  92  5:25  Roach x2  
  92  5:26  Overlord  
  96  5:29  Overlord  
  96  5:30  Overlord  
  94  5:37  Roach x2  
  90  5:43  Roach x2  
  90  5:44  Glial Reconstitution  
  90  5:49  Drone x3  
  97  5:53  Drone x3  
  97  5:55  Overseer  
  100  6:01  Drone  
  100  6:02  Drone  
  102  6:08  Roach x3  
  102  6:09  Roach  
  110  6:13  Drone x2, Zerg Missile Weapons Level 2  
  110  6:16  Drone x2  
  110  6:18  Extractor  
  112  6:20  Overlord, Extractor  
  112  6:21  Pneumatized Carapace  
  111  6:27  Drone x4  
  111  6:29  Drone x3  
  111  6:32  Overlord  
  118  6:33  Burrow  
  118  6:35  Overlord  
  118  6:38  Drone  
  118  6:39  Roach x2  
  123  6:41  Roach  
  123  6:46  Overlord  
  129  6:54  Roach x2  
  129  6:58  Hatchery  
  129  7:00  Overlord  
  128  7:02  Roach x3  
  128  7:03  Tunneling Claws  
  128  7:07  Roach x2  
  136  7:09  Ravager x2  
  136  7:10  Ravager  
  136  7:11  Ravager  
  136  7:13  Ravager  
  136  7:15  Roach  
  143  7:16  Overlord x2  
  143  7:21  Roach  
  143  7:22  Roach x2  
  149  7:24  Overlord  
  149  7:29  Overlord x2  
  149  7:34  Roach x3  
  155  7:40  Roach x4  
  155  7:41  Roach  
  155  7:43  Ravager  
  166  7:47  Roach x3  
  166  7:50  Overlord  
  172  7:52  Overseer  
  172  7:55  Roach  
  172  7:56  Roach x2  
  178  8:04  Overseer  
  178  8:07  Roach x6  
  186  8:14  Roach x4  
  186  8:19  Roach x4  
  198  8:25  Roach x2  
  198  8:30  Zerg Ground Armor Level 1  
  198  8:32  Roach x3  
  196  8:39  Roach  
  196  8:40  Roach x3  
  194  8:47  Roach x4  
  194  8:55  Roach  
  194  8:56  Roach x3  
  194  8:57  Overseer, Roach x26  
  194  9:00  Roach x5  
  194  9:02  Overlord  
  188  9:09  Roach x6  
  194  9:30  Roach  
  194  9:31  Roach x6  
  193  9:40  Roach x3  
  193  9:42  Roach x2  
  193  9:44  Roach x26  
  199  9:46  Hydralisk Den, Infestation Pit  
  197  9:58  Roach x3  
  196  10:14  Roach x2  
  194  10:23  Roach  
  194  10:24  Roach x2  
  194  10:27  Roach x5  
  198  10:33  Overseer  
  198  10:37  Zerg Ground Armor Level 2  
  198  10:39  Grooved Spines  
  198  10:41  Hive  
  194  10:44  Overlord x2  
  194  10:49  Overlord  
  184  10:50  Overlord  
  184  10:51  Roach x5  
  184  10:57  Overseer  
  184  10:59  Roach x7  
  192  11:05  Roach x26  
  192  11:10  Roach  
  192  11:11  Roach x3  
  200  11:14  Roach x20  
  200  11:17  Overseer  
  200  11:27  Spine Crawler, Extractor  
  200  11:28  Drone x2  
  200  11:43  Roach x18  
  200  11:45  Overseer  
  200  11:46  Hatchery  
  195  11:51  Muscular Augments, Roach x17  
  199  12:03  Roach  
  187  12:11  Hydralisk x7  
  187  12:15  Roach  
  199  12:16  Lurker Den  
  186  12:27  Roach x4  
  186  12:28  Roach  
  186  12:29  Roach x9  
  200  12:33  Roach x6  
  188  12:39  Extractor  
  188  12:41  Drone x3  
  188  12:43  Roach x31  
  194  12:57  Hydralisk x3  
  186  13:08  Roach x7  
  186  13:09  Roach x2  
  196  13:16  Seismic Spines  
  194  13:20  Roach x7  
  194  13:30  Lurker x6  
  200  13:47  Overseer  
  198  13:55  Hydralisk x6  
Tags
 
Composition
Lurkers
League
Master
Matchup
ZvZ
Race
Zerg
Replay Pack
hsc22
Spawn Locations
Cross Positions
Add a new tag
Caveats
  • Supply blocks, unpowered buildings, or Contaminate may cause inaccurate times.
  • Supply counts are checked every 10 seconds.